 Dungeon Crawl Stone Soup version 0.18.1-48-g4cf74bf (webtiles) character file.

177 WarriorsX the Magician (level 5, -2/31 HPs)
             Began as a High Elf Wizard on Aug 10, 2016.
             Slain by Duvessa
             ... wielding a +0 vampiric short sword
              (7 damage)
             ... on level 4 of the Dungeon.
             The game lasted 00:09:37 (5760 turns).

WarriorsX the Magician (High Elf Wizard)            Turns: 5760, Time: 00:09:38

Health: -2/31      AC:  7    Str:  6    XL:     5   Next: 31%
Magic:  0/13       EV: 12    Int: 23    God:
Gold:   164        SH:  0    Dex: 13    Spells: 1 memorised, 13 levels left

rFire  . . .     SeeInvis .     (no weapon)
rCold  . . .     Gourm    .     a - +0 robe
rNeg   . . .     Faith    .     (no shield)
rPois  .         Spirit   .     l - +0 helmet
rElec  .         Dismiss  .     (no cloak)
rCorr  .         Reflect  .     e - +2 pair of gloves
SustAt .         Harm     .     r - +0 pair of boots
MR     .....                    (no amulet)
Stlth  ++........               (no ring)
                                (no ring)

@: very slightly contaminated, invisible, not resistant to hostile enchantments,
unstealthy
A: no striking features
a: no special abilities


You were on level 4 of the Dungeon.
You were hungry.

You visited 1 branch of the dungeon, and saw 4 of its levels.

You collected 164 gold pieces.

Inventory:

Armour
 a - a +0 robe (worn)
 b - a +0 hat
 e - a +2 pair of gloves (worn)
 l - a +0 helmet (worn)
 r - a +0 pair of boots (worn)
 x - a cursed +0 leather armour
Wands
 g - a wand of iceblast (2/15)
 q - a wand of iceblast (3/15)
Scrolls
 f - a scroll of immolation {unknown}
 h - a scroll of remove curse {unknown}
 i - 4 scrolls of teleportation {unknown}
 k - 2 scrolls of identify {unknown}
 m - a scroll of fear {unknown}
 n - a scroll of random uselessness {unknown}
 v - 2 scrolls of enchant armour {unknown}
 w - a scroll of fog {unknown}
 y - a scroll of noise {unknown}
Potions
 j - a potion of flight
 o - a potion of agility
 u - a potion of haste
Books
 c - a book of Minor Magic

   Spells                             Type                      Level
   a - Magic Dart                     Conjuration                  1
   b - Blink                          Translocation                2
   c - Call Imp                       Summoning                    2
   d - Repel Missiles                 Charms/Air                   2
   e - Slow                           Hexes                        2
   f - Conjure Flame                  Conjuration/Fire             3
   g - Mephitic Cloud                 Conjuration/Poison/Air       3
Comestibles
 d - 3 bread rations
 p - 2 meat rations
 s - a slice of pizza
 z - 4 fruits
 A - a chunk of flesh


   Skills:
 - Level 2.1 Dodging
 - Level 2.1 Stealth
 - Level 5.4 Spellcasting
 + Level 4.1 Conjurations
   Level 0.8 Summonings
   Level 1.1 Translocations


You had 13 spell levels left.
You knew the following spells:

 Your Spells              Type           Power        Failure   Level  Hunger
a - Magic Dart            Conj           ####         1%          1    None


Dungeon Overview and Level Annotations

Branches:
Dungeon (4/15)
 Temple: D:4-7

Altars:
Elyvilon
Fedhas
Nemelex Xobeh
Okawaru

Annotations:
D:4 Dowan, Duvessa


Message History

Confirm with . or Enter, or press ? or * to list all spells.
Aiming: Magic Dart
Press: ? - help, Shift-Dir - straight line, f/p - Duvessa
Aim: Duvessa, wielding a vampiric short sword (severely wounded)
The magic dart hits Duvessa.
Duvessa is severely wounded.
Duvessa barely misses you.
Casting: Magic Dart
Confirm with . or Enter, or press ? or * to list all spells.
You don't have enough magic to cast that spell.
Unknown command.
Casting: Magic Dart
Confirm with . or Enter, or press ? or * to list all spells.
You don't have enough magic to cast that spell.
Unknown command.
Drink which item? (? for menu, Esc to quit)
Okay, then.
Duvessa barely misses you.
Duvessa hits you with a vampiric short sword!
You die...

.######..........#
........########.#
#########........#.#
#.......#...###..<.####
#..#.##.#.............#
#..#....#.#..########.#
#..#....#.#..#...e(.#.#
#..######.#..#.####.#.#
#...ยง.....#..#.#@e..#.#
#.#########..#.###..#.#
#.#..)...##..#...#..#.#
#.#.####.##..###.#..#.#
#e#.####.....###.####.#
..#..........#........#
##############.#......#
######.######.#
#........# #.#


You could see Duvessa.

Vanquished Creatures
  Natasha (twice) (D:3 D:4)
  Robin (D:1)
  4 adders
  A worm (D:3)
  2 dart slugs
  An orc (D:4)
  2 giant cockroaches (D:1)
  17 goblins
  14 hobgoblins
  2 quokkas
  9 bats
  3 giant newts (D:1)
  8 kobolds
  A quokka skeleton (D:4)
  6 rats
73 creatures vanquished.

Notes
Turn   | Place    | Note
--------------------------------------------------------------
     0 | D:1      | WarriorsX the High Elf Wizard began the quest for the Orb.
     0 | D:1      | Reached XP level 1. HP: 11/11 MP: 6/6
   208 | D:1      | Reached skill level 4 in Spellcasting
   351 | D:1      | Reached XP level 2. HP: 17/17 MP: 0/8
  1999 | D:1      | Reached XP level 3. HP: 21/21 MP: 7/10
  2649 | D:2      | Found a blossoming altar of Fedhas.
  2654 | D:2      | Reached skill level 5 in Spellcasting
  2656 | D:2      | Noticed Robin
  2924 | D:1      | Killed Robin
  3417 | D:2      | HP: 1/21 [poisoned by an adder]
  3425 | D:2      | Reached XP level 4. HP: 10/27 MP: 0/12
  4273 | D:2      | Found a white marble altar of Elyvilon.
  4523 | D:2      | Found a sparkling altar of Nemelex Xobeh.
  4833 | D:3      | Found an iron altar of Okawaru.
  5083 | D:3      | Noticed Natasha
  5089 | D:3      | Killed Natasha
  5089 | D:3      | Reached XP level 5. HP: 31/31 MP: 7/13
  5505 | D:4      | Noticed Natasha
  5545 | D:4      | Killed Natasha
  5677 | D:4      | Noticed Dowan
  5679 | D:4      | Noticed Duvessa
  5760 | D:4      | Slain by Duvessa

Skill      XL: |  1  2  3  4  5 |
---------------+----------------+-----
Spellcasting   | 4 5 |  5.4
Conjurations   | 2 3 4 |  4.1
Dodging        | |  2.1
Stealth        | |  2.1
Summonings     | |  0.8
Translocations | |  1.1

Action                   |  1- 3 |  4- 6 || total
-------------------------+-------+-------++-------
Melee: Unarmed           |    24 |       ||    24
 Cast: Magic Dart        |   142 |   102 ||   244
  Use: Potion            |     4 |     6 ||    10
  Eat: Chunk             |     7 |     7 ||    14
Armor: Robe              |    26 |     8 ||    34
       Skin              |     4 |       ||     4
Dodge: Dodged            |    49 |    21 ||    70
